 Dungeon Crawl Stone Soup version 0.31-a0-1597-ge7908ec95f (webtiles) character file.

Game seed: 1013791003951231220

122 Conn the Sneak (level 5, -4/31 HPs)
             Began as an Octopode Fire Elementalist on Jan 7, 2024.
             Slain by a hobgoblin (6 damage)
             ... led by Robin
             ... on level 2 of the Dungeon.
             The game lasted 00:04:05 (1621 turns).

Conn the Sneak (Octopode Fire Elementalist)         Turns: 1621, Time: 00:04:05

Health: -4/31      AC:  1    Str:  7    XL:     5   Next: 6%
Magic:  1/9        EV: 13    Int: 20    God:
Gold:   55         SH:  0    Dex: 12    Spells: 8/9 levels left

rFire   + . .        e - +0 short sword
rCold   . . .        (no shield)
rNeg    . . .        (helmet restricted)
rPois   .            (no amulet)
rElec   .            d - ring of protection from fire
rCorr   .            i - ring of willpower
SInv    .            (no ring)
Will    +....        (no ring)
Stlth   +++          (no ring)
HPRegen 0.25/turn    (no ring)
MPRegen 0.11/turn    (no ring)
                     (no ring)

%: no passive effects
@: attractive
A: almost no armour, amphibious, 8 rings, camouflage 1, gelatinous body 1,
(nimble swimmer 1), tentacles
a: no special abilities


You were on level 2 of the Dungeon.
You visited 1 branch of the dungeon, and saw 2 of its levels.

You collected 55 gold pieces.

Inventory:

Hand Weapons
 e - a +0 short sword (weapon)
Missiles
 k - 3 poisoned darts
Jewellery
 d - a ring of protection from fire (left tentacle)
 i - a ring of willpower (right tentacle)
Wands
 l - a wand of polymorph (3)
Scrolls
 b - a scroll of identify {unknown}
 g - a scroll of amnesia {unknown}
 h - a scroll of enchant armour {unknown}
 j - a scroll of vulnerability {unknown}
 m - a scroll of torment {unknown}
 n - a scroll of teleportation {unknown}
Potions
 a - a potion of magic
 f - a potion of mutation {unknown}


   Skills:
 + Level 2.8 Dodging
 + Level 4.0 Stealth
 + Level 2.7 Spellcasting
 + Level 2.1 Conjurations
 + Level 3.6 Fire Magic


You had 8 spell levels left.
You knew the following spells:

 Your Spells              Type           Power      Damage    Failure   Level
a - Foxfire               Conj/Fire      56%        2x1d6     4%          1

Your spell library contained the following spells:

 Spells                   Type           Power      Damage    Failure   Level
 Scorch                   Fire           34%        2d6       4%          2
 Inner Flame              Hex/Fire       10%        N/A       21%         3
 Volatile Blastmotes      Fire/Tloc      20%        2d11      21%         3
 Flame Wave               Conj/Fire      14%        2d6       41%         4


Dungeon Overview and Level Annotations

Branches:
Dungeon (2/15)

Altars:


Innate Abilities, Weirdness & Mutations

You cannot wear most types of armour.
You are amphibious.
You can wear up to eight rings at the same time.
Your skin changes colour to match your surroundings (Stealth+).
Your rubbery body absorbs attacks. (AC +1, EV +1)
((You are camouflaged when in or above water. (Stealth+)))
You have tentacles for arms and can constrict up to eight enemies at once.


Message History

The goblin no longer looks unusually strong.
The foxfire hits the goblin.
The goblin is heavily wounded.
The foxfire hits the hobgoblin but does no damage.
The hobgoblin is heavily wounded.
You barely miss the goblin. Your grab misses the goblin.
Your squeeze misses the goblin.
The goblin is heavily wounded.
The goblin closely misses you.
You hit the goblin.
You kill the goblin!
The hobgoblin closely misses you.
You hit the hobgoblin but do no damage. You grab the hobgoblin.
The hobgoblin is heavily wounded.
You constrict the hobgoblin, but do no damage.
The hobgoblin hits you with a +0 dagger!
* * * LOW HITPOINT WARNING * * *
The hobgoblin completely misses you.
Unknown command.
You hit the hobgoblin.
The hobgoblin is almost dead.
You constrict the hobgoblin.
You kill the hobgoblin!
The hobgoblin hits you!
* * * LOW HITPOINT WARNING * * *
Your Stealth skill increases to level 4!
Unknown command.
Unknown command.
Unknown command.
Unknown command.
Unknown command.
Unknown command.
Unknown command.
Unknown command.
Unknown command.
Unknown command.
It was a potion of attraction.
You feel attractive to monsters. The hobgoblin hits you.
You die...

..# #####.#...)########.. ...
..............J...... #.#
..###.#.)..#######... #.# #.#
#.#..g........... #.####+## #.#
#.#.#†##..####... ###.......# #.#
#.#.)g....# #...
.)........###.###.###)###.# #...
###.....)....)..).###.# #.# #...
###.######.###..@)$...###.# #...
....)............g###..##.# #...
###...####.#.####.#.......# #...
###...###.........#.#....##
......#...†.......#.#.##.########
.....<#..#...#....# #.##.........
.......<.....#.#..# #.#..........
###.#....#...#.#..#.#.#..........
#..........#.#..#.#.#.#.......#


You could see a hobgoblin (strong).

Vanquished Creatures
  Jessica (D:2)
  Robin (D:2)
  4 adders (D:2)
  A dart slug (D:2)
  2 ribbon worms (D:2)
  A bat (D:1)
  6 endoplasms
  2 giant cockroaches (D:1)
  10 goblins
  2 hobgoblins
  3 jackals (D:1)
  A ball python (D:1)
  A frilled lizard (D:2)
  4 kobolds
  3 rats (D:1)
42 creatures vanquished.

Vanquished Creatures (others)
  102 foxfires
102 creatures vanquished.

Grand Total: 144 creatures vanquished

Notes
Turn   | Place    | Note
-------+----------+-------------------------------------------
     0 | D:1      | Conn the Octopode Fire Elementalist began the quest for the
                  | Orb.
     0 | D:1      | Reached XP level 1. HP: 11/11 MP: 3/3
    76 | D:1      | Reached XP level 2. HP: 17/17 MP: 1/5
   128 | D:1      | Reached skill level 3 in Stealth
   919 | D:2      | Noticed Robin
   931 | D:2      | Reached XP level 3. HP: 21/21 MP: 0/6
  1085 | D:2      | Noticed Jessica
  1231 | D:2      | Killed Jessica
  1232 | D:2      | Reached XP level 4. HP: 26/27 MP: 1/7
  1467 | D:2      | HP: 1/27 [poisoned by an adder]
  1614 | D:2      | Killed Robin
  1615 | D:2      | Reached XP level 5. HP: 16/31 MP: 1/9
  1620 | D:2      | HP: 1/31 [hobgoblin[Robin] (7)]
  1621 | D:2      | Reached skill level 4 in Stealth
  1621 | D:2      | Slain by a hobgoblin

Illustrated notes

Levels and vault maps discovered:
D:1:      amcnicky_arrival_wind_blow, layout_basic, serial_bayou_lagoon_b
D:2:      cheibrodos_greedy_goblins, layout_basic, uniq_robin, uniq_jessica

Skill      XL: |  1  2  3  4  5 |
---------------+----------------+-----
Stealth        | 3 4 |  4.0
Conjurations   | 2 |  2.1
Dodging        | |  2.8
Spellcasting   | |  2.7
Fire Magic     | |  3.6

Action                     |  1- 3 |  4- 6 || total
---------------------------+-------+-------++-------
  Melee: Unarmed           |     3 |       ||     3
         Tentacles         |     6 |     4 ||    10
         Short sword       |    14 |    18 ||    32
         Constrict         |     4 |     4 ||     8
   Cast: Foxfire           |    41 |    19 ||    60
    Use: Potion            |     3 |     1 ||     4
   Stab: Sleeping          |     2 |       ||     2
 Armour: Skin              |    11 |    17 ||    28
  Dodge: Dodged            |    22 |     7 ||    29

Table legend: (Time is in decaauts)
 A = Elapsed time spent in this place.
 B = Non-inter-level travel time spent in this place.
 C = Inter-level travel time spent in this place.
 D = Time resting spent in this place.
 E = Time spent auto-exploring this place.
 F = Levels seen in this place.
 G = Mean time per level.
                   A        B        C        D        E       F      G
               +--------+--------+--------+--------+--------+-----+--------+
         Total |   1619 |   1619 |      0 |      0 |   1183 |   2 |  809.5 |
       Dungeon |   1619 |   1619 |      0 |      0 |   1183 |   2 |  809.5 |
               +--------+--------+--------+--------+--------+-----+--------+

Top non-repeatable levels by time:
     D:1: 843 daAuts
     D:2: 775 daAuts
